 Dungeon Crawl Stone Soup version 0.25-a0-36-g303dd5b1f4 (webtiles) character file.

Game seed: 3917304720079665176, levelgen mode: deterministic

250366 Johnny the Metallomancer (level 18, -4/117 HPs)
             Began as a Demigod Earth Elementalist on Oct 20, 2019.
             Slain by an Ice Fiend (13 damage)
             ... in an ice cave.
             The game lasted 01:40:03 (40149 turns).

Johnny the Metallomancer (DgEE)                    Turns: 40149, Time: 01:40:04

Health: -4/117     AC: 15    Str: 14 (17) XL:     18   Next: 59%
Magic:  25/51      EV: 22    Int: 26 (37) God:
Gold:   1978       SH:  0    Dex: 15 (16) Spells: 6/45 levels left

rFire    + . .     SeeInvis .   N - +4 hand axe "Ezxodwom" {protect, *Drain +Rage rN+ MR+ Int+6}
rCold    + . .     Gourm    .   (no shield)
rNeg     + + +     Faith    .   P - +4 troll leather armour
rPois    .         Spirit   .   o - +0 helmet "Kech" {rF+ rCorr}
rElec    +         Reflect  .   E - +1 cloak
rCorr    +         Harm     .   L - +1 pair of gloves of Meokujue {rN++ Regen+ Str-2}
MR       ++...                  I - +1 pair of boots {run}
Stlth    +.........             t - amulet of magic regeneration
HPRegen  1.09/turn              H - ring of wizardry
MPRegen  0.57/turn              c - ring "Yjek" {rElec rC+ MP+9 Str+8 Stlth-}

@: quick
A: high mp 1, subdued magic 1
}: 1/15 runes: gossamer
a: Evoke Berserk Rage


You were in an ice cave.
You were not hungry.

You visited 6 branches of the dungeon, and saw 32 of its levels.
You also visited: Ice Cave.

You collected 3780 gold pieces.
You spent 1802 gold pieces at shops.

Inventory:

Hand Weapons
 K - the +8 glaive of the Guard {elec, +Rage AC+5 SInv}
   (You took it off a deep elf knight on level 3 of the Elven Halls)

   Occasionally, upon striking a foe, it will discharge some electrical energy
   and cause terrible harm.
   It affects your AC (+5).
   It lets you see invisible.
   It lets you go berserk.
 N - the +4 hand axe "Ezxodwom" (weapon) {protect, *Drain +Rage rN+ MR+ Int+6}
   (You took it off a deep elf elementalist on level 3 of the Elven Halls)

   It grants its wielder temporary protection when it strikes (+7 to AC).
   It affects your intelligence (+6).
   It protects you from negative energy.
   It affects your resistance to hostile enchantments.
   It lets you go berserk.
   It causes draining when unequipped.
Missiles
 m - 255 stones (quivered)
Armour
 o - the +0 helmet "Kech" (worn) {rF+ rCorr}
   (You found it on level 1 of the Spider Nest)

   It protects you from fire.
   It provides partial protection from all sources of acid and corrosion.
 E - a +1 cloak (worn)
 I - a +1 pair of boots of running (worn)
 L - the +1 pair of gloves of Meokujue (worn) {rN++ Regen+ Str-2}
   (You bought it in a shop on level 10 of the Dungeon)

   It affects your strength (-2).
   It greatly protects you from negative energy.
   It increases your rate of regeneration.
 P - a +4 troll leather armour (worn)
Magical Staves
 h - an uncursed staff of earth
 j - a cursed staff of power
 l - an uncursed staff of conjuration {unknown}
 B - an uncursed staff of wizardry
Jewellery
 c - the ring "Yjek" (right hand) {rElec rC+ MP+9 Str+8 Stlth-}
   (You took it off a deep elf death mage on level 3 of the Elven Halls)

   [ring of protection from cold]

   It affects your strength (+8).
   It protects you from cold.
   It insulates you from electricity.
   It affects your magic capacity (+9).
   It makes you less stealthy.
 q - an uncursed ring of magical power
 t - an amulet of magic regeneration (around neck)
 y - a +5 ring of evasion
 A - a +6 ring of slaying
 H - a ring of wizardry (left hand)
 Q - an uncursed amulet of harm
 T - an uncursed amulet of regeneration
 X - the brooch of Shielding {Reflect SH+8}
   (You took it off a deep elf annihilator on level 3 of the Elven Halls)

   [amulet of reflection]

   It shields you and reflects attacks.
   It affects your SH (+8).
Wands
 a - a wand of acid (5)
 i - a wand of clouds (4)
 F - a wand of digging (1)
Scrolls
 k - 3 scrolls of magic mapping
 p - 4 scrolls of teleportation
 r - 4 scrolls of immolation
 u - 14 scrolls of remove curse
 v - 2 scrolls of acquirement
 w - 4 scrolls of vulnerability
 U - 5 scrolls of fog
 W - a scroll of torment
Potions
 b - 4 potions of haste
 e - 3 potions of resistance
 f - 11 potions of flight
 g - 11 potions of curing
 n - 5 potions of mutation
 x - 4 potions of invisibility
 z - 11 potions of lignification
 C - 7 potions of ambrosia
 D - a potion of brilliance
 G - 2 potions of agility
 M - 3 potions of magic
 Z - 2 potions of cancellation
Miscellaneous
 s - a lightning rod (4/4)
 J - a lamp of fire
Comestibles
 d - 29 rations


   Skills:
 - Level 15.0 Dodging
 - Level 1.7 Stealth
 + Level 14.4 Spellcasting
 - Level 0.8 Transmutations
 * Level 22.5 Earth Magic


You had 6 spell levels left.
You knew the following spells:

 Your Spells              Type           Power        Failure   Level  Hunger
a - Sandblast             Erth           ######       0%          1    None
b - Stone Arrow           Conj/Erth      ######       1%          3    None
c - Lee's Rapid Deconstr  Erth           #######...   0%          5    ##.....
d - Petrify               Tmut/Erth      ######..     1%          4    None
e - Shatter               Erth           #######...   13%         9    #######
f - Shroud of Golubria    Chrm/Tloc      ##....       1%          2    None
g - Iron Shot             Conj/Erth      ######....   1%          6    ####...
h - Regeneration          Chrm/Necr      ##........   3%          3    None
i - Statue Form           Tmut/Erth      ######...    1%          6    ####...

Your spell library contained the following spells:

 Spells                   Type           Power        Failure   Level  Hunger
 Passwall                 Tmut/Erth      ######..     0%          2    None
 Apportation              Tloc           ##....       1%          1    None
 Flame Tongue             Conj/Fire      ##...        1%          1    None
 Infusion                 Chrm           ##..         1%          1    None
 Summon Butterflies       Summ           ##......     1%          1    None
 Corpse Rot               Necr           N/A          1%          2    None
 Song of Slaying          Chrm           ##......     1%          2    None
 Throw Flame              Conj/Fire      ##....       1%          2    None
 Leda's Liquefaction      Hex/Erth       ######....   1%          4    None
 Bolt of Magma            Conj/Fire/Erth #####.....   1%          5    ##.....
 Conjure Flame            Conj/Fire      ##......     3%          3    None
 Inner Flame              Hex/Fire       ##......     3%          3    None
 Lesser Beckoning         Tloc           ##........   3%          3    None
 Recall                   Summ/Tloc      N/A          3%          3    None
 Spectral Weapon          Hex/Chrm       ##......     3%          3    None
 Static Discharge         Conj/Air       ##......     3%          3    None
 Tukima's Dance           Hex            ##......     3%          3    None
 Ice Form                 Ice/Tmut       ###.....     11%         4    None
 Cause Fear               Hex            ##........   13%         4    None
 Sticky Flame             Conj/Fire      ##......     13%         4    None
 Throw Icicle             Conj/Ice       ##......     13%         4    None
 Alistair's Intoxication  Tmut/Pois      ###.....     30%         5    ##.....
 Aura of Abjuration       Summ           ##........   34%         5    ##.....
 Fireball                 Conj/Fire      ##........   34%         5    ##.....
 Lightning Bolt           Conj/Air       ##........   34%         5    ##.....
 Metabolic Englaciation   Hex/Ice        ##........   34%         5    ##.....
 Summon Demon             Summ           ##........   34%         5    ##.....
 Summon Forest            Summ/Tloc      ##........   34%         5    ##.....
 Summon Mana Viper        Hex/Summ       ##......     34%         5    ##.....
 Venom Bolt               Conj/Pois      ##........   34%         5    ##.....
 Hydra Form               Tmut           ###.......   78%         6    ####...
 Bolt of Cold             Conj/Ice       ##........   88%         6    ####...
 Bolt of Fire             Conj/Fire      ##........   88%         6    ####...
 Freezing Cloud           Conj/Ice/Air   ##........   88%         6    ####...
 Invisibility             Hex            ##......     88%         6    ####...
 Ozocubu's Refrigeration  Ice            ##........   88%         6    ####...
 Shadow Creatures         Summ           N/A          88%         6    ####...
 Simulacrum               Ice/Necr       ##........   88%         6    ####...
 Dragon Form              Tmut           ###.......   100%        7    ######.
 Summon Hydra             Summ           ##........   100%        7    ######.
 Ignition                 Fire           ##........   100%        8    #######
 Dragon's Call            Summ           ##........   100%        9    #######
 Tornado                  Air            ##........   100%        9    #######


Dungeon Overview and Level Annotations

Branches:
Dungeon (15/15)            Temple (0/1) D:6            Lair (6/6) D:8
 Shoals (2/4) Lair:3       Spider (4/4) Lair:4        Slime (0/5) Lair:6
    Orc (2/2) D:9             Elf (3/3) Orc:2        Vaults (0/5) D:13
 Depths (0/5) D:15          IceCv (1/1)

Shops:
D:8 %   D:9 *}}   D:10 *   Orc:2 [[[!   Elf:1 (   Elf:2 [

Annotations:
D:15 kroki's ghost, journeyman MiFi


Innate Abilities, Weirdness & Mutations

You have an increased reservoir of magic. (+10% MP)
Your spells are a little easier to cast, but a little less powerful.


Message History

The Ice Fiend is severely wounded.
The Ice Fiend claws you. The Ice Fiend freezes you! You resist.
The Ice Fiend claws you!
* * * LOW HITPOINT WARNING * * *
The Ice Fiend freezes you! You resist.
* * * LOW HITPOINT WARNING * * *
Casting: Lee's Rapid Deconstruction (safe; 0% risk of failure)
Confirm with . or Enter, or press ? or * to list all spells.
Aiming: Lee's Rapid Deconstruction (safe; 0% risk of failure)
Press: ? - help, Dir - move target cursor An ice covered rock wall.
The wall shatters!
The blast of rock fragments hits the ice devil!
The ice devil is almost dead.
The blast of rock fragments hits the Ice Fiend.
The Ice Fiend is severely wounded.
The Ice Fiend barely misses you. The Ice Fiend claws you.
* * * LOW HITPOINT WARNING * * *
The Ice Fiend freezes you! You resist.
You die...

#| .$ ##### .###
####...### ...##
###....#...## °...#
##.....####..###...#
#.....#####..##4.○#
...#####.#.###.1###
..## #.⌠...###@.#
### ##...#.#.###
####### ######.##
##....### ###
....#...###
######....###
####...## ##...####
# ##.....#


You could see an Ice Fiend and an ice devil.

Vanquished Creatures
  2 deep elf blademasters
  2 deep elf master archers (Elf:3)
  Agnes (Elf:2)
  Gastronok (D:9)
  Roxanne (Shoals:1)
  A tengu reaver (D:12)
  Donald (Elf:2)
  3 ghost moths
  3 deep elf sorcerers (Elf:3)
  10 emperor scorpions
  2 deep elf elementalists (Elf:3)
  4 entropy weavers
  3 deep elf demonologists
  8 deep elf annihilators (Elf:3)
  A spark wasp (Spider:4)
  5 deep elf death magi
  Josephine (D:12)
  The ghost of Chiseanne the Nimble, a journeyman DsWn of Gozag (D:12)
  A yaktaur captain (D:12)
  3 deep elf high priests (Elf:3)
  A rakshasa (D:15)
  The ghost of Ytsaiv the Geomancer, a journeyman OpEE of Vehumet (Lair:1)
  8 hydras
  5 vault guards (D:13)
  2 catoblepae
  5 centaur warriors
  A merfolk aquamancer (Shoals:2)
  29 dancing weapons
  2 ogre magi
  4 two-headed ogres
  Urug (D:12)
  2 shock serpents (shapeshifter)
  6 orc high priests
  A hell knight (Elf:2)
  A small abomination (Elf:3)
  20 deep elf knights
  A skeletal warrior (D:15)
  2 sea snakes (Shoals:2)
  A wizard (D:12)
  3 unseen horrors
  A flayed ghost (D:15)
  12 deep elf archers
  26 ugly things
  9 orc knights
  18 orb spiders
  41 deep elf magi
  A harpy (shapeshifter) (D:12)
  11 fauns
  31 wolf spiders
  A shining eye (shapeshifter) (D:14)
  6 manticores
  2 orc sorcerers
  2 cyclopes
  3 moths of wrath
  2 merfolk sirens
  2 torpor snails
  2 centaur zombies
  An ice statue (IceCv)
  5 gargoyles
  6 black mambas
  22 spiny frogs
  A spiny frog (shapeshifter) (D:15)
  A rime drake (Lair:6)
  A kobold demonologist (D:12)
  2 anaconda simulacra (IceCv)
  3 freezing wraiths (IceCv)
  6 komodo dragons
  18 demonic crawlers
  An efreet (D:14)
  6 ice devils (IceCv)
  A golden dragon simulacrum (IceCv)
  A tengu conjurer (D:13)
  32 jumping spiders
  6 trolls
  A polar bear (shapeshifter) (D:15)
  6 hornets
  5 tyrant leeches (Lair:6)
  4 polar bears (Lair:3)
  5 merfolk
  8 slime creatures
  13 blink frogs (Lair:6)
  A snapping turtle (Shoals:2)
  A wind drake (Shoals:1)
  5 dream sheep (Lair:6)
  18 hippogriffs
  5 air elementals
  Sigmund (D:2)
  50 redbacks
  2 vampires
  2 shadows
  18 tarantellas
  11 water elementals
  4 wyverns
  7 wraiths
  A spriggan (Lair:6)
  Eustachio (D:6)
  2 dire elephant simulacra (IceCv)
  56 yaks
  3 fire elementals
  7 basilisks
  2 hungry ghosts
  5 neqoxecs (D:12)
  A steam dragon (D:13)
  15 vampire mosquitoes
  Menkaure (D:6)
  4 wargs
  Edmund (D:6)
  6 harpy simulacra (IceCv)
  An iron troll simulacrum (IceCv)
  3 acid dragons
  11 water moccasins
  9 porcupines
  6 hydra simulacra (IceCv)
  3 black bears
  A hornet zombie (D:13)
  47 orc warriors
  4 eyes of draining
  3 necrophages
  4 ice beasts
  6 phantoms
  An ettin simulacrum (IceCv)
  7 sky beasts
  21 wolves
  4 boggarts (D:15)
  14 ogres
  18 centaurs
  13 crocodiles
  2 big kobolds
  29 bullfrogs
  4 earth elementals
  2 wyvern zombies (D:12)
  8 scorpions
  A wyvern skeleton (D:12)
  2 killer bees
  5 wights (D:6)
  An electric eel (Lair:1)
  A howler monkey (D:5)
  3 bullfrog zombies
  7 crimson imps
  13 hounds
  4 quasits
  2 draconian simulacra (IceCv)
  35 orc priests
  7 jellies
  8 bullfrog skeletons
  Crazy Yiuf (D:6)
  5 centaur skeletons
  12 worker ants
  2 iguanas
  23 orc wizards
  5 troll simulacra (IceCv)
  A polar bear simulacrum (IceCv)
  A killer bee zombie (D:10)
  A wolf simulacrum (IceCv)
  2 hound zombies
  A worker ant zombie (D:7)
  2 howler monkey skeletons
  3 gnolls (D:2)
  An ogre simulacrum (IceCv)
  25 adders
  2 naga simulacra (IceCv)
  6 shadow imps
  7 white imps (IceCv)
  9 ufetubi (IceCv)
  5 adder skeletons
  2 worms (D:4)
  2 dart slugs
  5 leopard geckos
  119 orcs
  6 giant cockroaches
  3 goblins (D:3)
  15 hobgoblins
  5 jackals
  8 kobolds
  6 quokkas
  5 bats
  7 frilled lizards
  2 leopard gecko skeletons
  2 leopard gecko zombies
  A quokka skeleton (D:4)
  10 rats
  A crawling corpse (Elf:3)
  A fungus (Lair:6)
  8 plants
1337 creatures vanquished.

Vanquished Creatures (collateral kills)
  A deep elf blademaster (Elf:3)
  A sphinx (D:12)
  An emperor scorpion (Spider:2)
  An ice dragon (Shoals:2)
  A manticore (Shoals:2)
  A moth of wrath (Spider:4)
  A jumping spider (Spider:4)
  A water elemental (Shoals:2)
8 creatures vanquished.

Vanquished Creatures (others)
  A ghost moth (Spider:4)
  A deep elf knight (Elf:2)
  An unseen horror (shapeshifter) (D:13)
  A deep elf mage (Elf:1)
  A hungry ghost (D:14)
  An orc (Orc:2)
  8 fungi
  21 plants
35 creatures vanquished.

Grand Total: 1380 creatures vanquished

Notes
Turn   | Place    | Note
-------+----------+-------------------------------------------
     0 | D:1      | Johnny the Demigod Earth Elementalist began the quest for
                  | the Orb.
     0 | D:1      | Reached XP level 1. HP: 14/14 MP: 5/5
   227 | D:1      | Reached skill level 3 in Earth Magic
   492 | D:1      | Reached XP level 2. HP: 15/20 MP: 5/7
  1393 | D:2      | Reached XP level 3. HP: 16/26 MP: 6/8
  1427 | D:2      | Noticed Sigmund
  1562 | D:2      | HP: 1/26 [Sigmund/+0 scythe (7)]
  1566 | D:2      | Killed Sigmund
  1566 | D:2      | Reached skill level 4 in Earth Magic
  1566 | D:2      | Reached XP level 4. HP: 2/33 MP: 0/11
  1566 | D:2      | Reached XP level 5. HP: 3/38 MP: 0/12
  2501 | D:3      | Reached XP level 6. HP: 27/45 MP: 9/13
  2589 | D:3      | Found a sparkling altar of Nemelex Xobeh.
  2613 | D:3      | Reached skill level 5 in Earth Magic
  3788 | D:3      | Learned a level 3 spell: Stone Arrow
  3949 | D:3      | Found an ornate altar of the Wu Jian Council.
  3993 | D:3      | Found a blossoming altar of Fedhas.
  3993 | D:3      | Found a shadowy altar of Dithmenos.
  3998 | D:3      | Found a faded altar of an unknown god.
  4004 | D:3      | Found a faded altar of an unknown god.
  4005 | D:3      | Found a hide-covered altar of Uskayaw.
  4232 | D:4      | Reached XP level 7. HP: 21/50 MP: 6/15
  4333 | D:4      | Reached skill level 6 in Earth Magic
  4898 | D:4      | Found a glowing silver altar of Zin.
  5213 | D:5      | Entered Level 5 of the Dungeon
  5425 | D:5      | Reached skill level 7 in Earth Magic
  5425 | D:5      | Reached XP level 8. HP: 45/57 MP: 1/18
  5602 | D:5      | Found an ancient bone altar of Kikubaaqudgha.
  5667 | D:5      | Reached skill level 5 in Dodging
  5674 | D:5      | Learned a level 5 spell: Lee's Rapid Deconstruction
  5920 | D:5      | Reached skill level 5 in Spellcasting
  6153 | D:6      | Noticed Edmund
  6155 | D:6      | Reached skill level 8 in Earth Magic
  6157 | D:6      | Killed Edmund
  6319 | D:6      | Noticed Menkaure
  6323 | D:6      | Killed Menkaure
  6539 | D:6      | Found a staircase to the Ecumenical Temple.
  6646 | D:6      | Noticed Eustachio
  6648 | D:6      | Killed Eustachio
  6648 | D:6      | Reached XP level 9. HP: 59/62 MP: 9/20
  6832 | D:6      | Found a runed translucent door.
  6833 | D:6      | Noticed Crazy Yiuf
  7622 | D:6      | Killed Crazy Yiuf
  7876 | D:7      | Reached skill level 9 in Earth Magic
  8656 | D:7      | Found a burning altar of Makhleb.
  8723 | D:8      | Found Hagganet's Food Boutique.
  8738 | D:8      | Found a hazy altar of Hepliaklqana.
  8898 | D:8      | Reached skill level 10 in Earth Magic
  9013 | D:8      | Reached XP level 10. HP: 18/69 MP: 8/23
  9121 | D:8      | Found a staircase to the Lair.
  9603 | D:9      | Found Upruitod's Gadget Emporium.
  9665 | D:9      | Found a staircase to the Orcish Mines.
  9672 | D:9      | Found Jitit's Assorted Antiques.
  9681 | D:9      | Bought a scroll of teleportation for 84 gold pieces
  9713 | D:9      | Noticed Gastronok
  9738 | D:9      | HP: 1/69 [Gastronok/the air (34)]
  9948 | D:9      | Killed Gastronok
  9948 | D:9      | Reached skill level 11 in Earth Magic
  9997 | D:9      | Found Plog's Gadget Emporium.
 10049 | D:9      | Noticed a two-headed ogre
 10057 | D:9      | Killed a two-headed ogre
 10149 | D:9      | Noticed a shock serpent
 10151 | D:9      | Killed a shock serpent
 10151 | D:9      | Reached XP level 11. HP: 62/74 MP: 15/26
 10260 | D:9      | Killed an unseen horror
 10295 | D:10     | Entered Level 10 of the Dungeon
 10622 | D:10     | Reached skill level 12 in Earth Magic
 10703 | D:10     | Found Mouxtie's Assorted Antiques.
 10767 | D:10     | Bought a potion of curing for 78 gold pieces
 10767 | D:10     | Bought a pair of slimy gloves for 247 gold pieces
 10777 | D:10     | Identified the +1 pair of gloves of Meokujue {rN++ Regen+
                  | Str-2} (You bought it in a shop on level 10 of the Dungeon)
 11783 | D:9      | Got a scorched flail
 11788 | D:9      | Got a distressingly furry ring mail
 11790 | D:9      | Identified the +9 flail of Defenestration {crush, *Slow
                  | rPois rF+} (You found it on level 9 of the Dungeon)
 11801 | D:9      | Identified the +7 ring mail of Starshine {Int+2} (You found
                  | it on level 9 of the Dungeon)
 11806 | D:9      | Learned a level 4 spell: Petrify
 12566 | D:12     | Noticed a two-headed ogre
 12569 | D:12     | Killed a two-headed ogre
 12619 | D:12     | Reached skill level 13 in Earth Magic
 12907 | D:12     | Reached XP level 12. HP: 64/81 MP: 7/29
 12989 | D:12     | Reached skill level 10 in Dodging
 13171 | D:12     | Noticed Urug
 13177 | D:12     | Killed Urug
 13179 | D:12     | Noticed Josephine
 13191 | D:12     | Killed Josephine
 13309 | D:12     | Reached skill level 14 in Earth Magic
 13358 | D:12     | Found a transporter.
 13378 | D:12     | Noticed Chiseanne's ghost (journeyman DsWn)
 13383 | D:12     | Found a transporter.
 13413 | D:12     | Killed Chiseanne's ghost
 13432 | D:12     | Got the ring of the Final Decision {Int+4}
 13442 | D:12     | Identified the ring of the Final Decision {Str+3 Int+4
                  | Dex+4 Slay-5} (You found it on level 12 of the Dungeon)
 13702 | D:12     | Noticed a four-headed hydra
 13706 | D:12     | Noticed a tengu reaver
 13706 | D:12     | Noticed a centaur warrior
 13708 | D:12     | Noticed a sphinx
 13711 | D:12     | Paralysed by a sphinx for 3 turns
 13836 | D:12     | Noticed a yaktaur captain
 13839 | D:12     | Killed a four-headed hydra
 13849 | D:12     | Killed a yaktaur captain
 13898 | D:12     | Killed a tengu reaver
 13980 | D:12     | Killed a centaur warrior
 13980 | D:12     | Reached XP level 13. HP: 84/86 MP: 5/31
 13998 | D:12     | Paralysed by a sphinx for 5 turns
 14005 | D:12     | Killed a sphinx
 14005 | D:12     | Reached skill level 10 in Spellcasting
 14474 | D:13     | Reached skill level 15 in Earth Magic
 14925 | D:13     | Found a gate to the Vaults.
 15202 | D:13     | Found a corrupted altar of Lugonu.
 15643 | D:14     | Paralysed by a hornet for 1 turns
 15788 | D:14     | Gained mutation: Your spells are a little easier to cast,
                  | but a little less powerful. [a shining eye]
 16294 | D:14     | Reached XP level 14. HP: 74/93 MP: 33/33
 16297 | D:14     | Reached skill level 16 in Earth Magic
 16616 | D:15     | Entered Level 15 of the Dungeon
 17035 | D:15     | Found a staircase to the Depths.
 17402 | D:15     | Found a runed translucent gate.
 17402 | D:15     | Found a runed translucent gate.
 17403 | D:15     | Found a runed translucent gate.
 17417 | D:15     | Noticed kroki's ghost (journeyman MiFi)
 18718 | Lair:1   | Entered Level 1 of the Lair of Beasts
 18829 | Lair:1   | Found a transporter.
 18837 | Lair:1   | Found a transporter.
 18840 | Lair:1   | Noticed Ytsaiv's ghost (journeyman OpEE)
 18955 | Lair:1   | Killed Ytsaiv's ghost
 18975 | Lair:1   | Got a vibrating golden ring
 18988 | Lair:1   | Identified the ring of Bauxkuemm {*Tele rElec rF+ Str+2
                  | Int+4} (You found it on level 1 of the Lair of Beasts)
 20463 | Lair:2   | Reached skill level 17 in Earth Magic
 20637 | Lair:3   | Found a staircase to the Shoals.
 21114 | Lair:3   | Got a shimmering turquoise ring
 21484 | Lair:4   | Identified the ring of Abeskeir {Str+3 SInv} (You found it
                  | on level 3 of the Lair of Beasts)
 21853 | Lair:4   | Found a hole to the Spider Nest.
 22557 | Lair:5   | Reached XP level 15. HP: 99/99 MP: 29/36
 22770 | Lair:6   | Entered Level 6 of the Lair of Beasts
 23743 | Lair:6   | Found a staircase to the Slime Pits.
 24219 | Orc:1    | Entered Level 1 of the Orcish Mines
 24969 | Orc:2    | Entered Level 2 of the Orcish Mines
 24969 | Orc:2    | Found a staircase to the Elven Halls.
 25208 | Orc:1    | Reached skill level 18 in Earth Magic
 25958 | Orc:2    | Found Hioj's Distillery.
 25958 | Orc:2    | Found Tukogear's Armour Shop.
 25959 | Orc:2    | Found Ollamuop's Antique Armour Shop.
 25959 | Orc:2    | Found Zoakeeda's Armour Boutique.
 25973 | Orc:2    | Bought an ancient helmet for 313 gold pieces
 25973 | Orc:2    | Bought a glowing robe for 122 gold pieces
 25973 | Orc:2    | Bought a warped robe for 188 gold pieces
 25984 | Orc:2    | Identified the +0 helmet of the Teacher {rF+ rN+ rCorr
                  | Dex-4} (You bought it in a shop on level 2 of the Orcish
                  | Mines)
 26004 | Orc:2    | Identified the +1 robe of Zin's Pride {SInv Stlth+} (You
                  | bought it in a shop on level 2 of the Orcish Mines)
 26017 | Orc:2    | Bought a potion of invisibility for 112 gold pieces
 26017 | Orc:2    | Bought a potion of brilliance for 56 gold pieces
 26017 | Orc:2    | Bought a potion of curing for 42 gold pieces
 26017 | Orc:2    | Bought a potion of flight for 42 gold pieces
 26017 | Orc:2    | Bought a potion of curing for 42 gold pieces
 26017 | Orc:2    | Bought a potion of heal wounds for 70 gold pieces
 26017 | Orc:2    | Bought a potion of curing for 42 gold pieces
 26017 | Orc:2    | Bought a potion of curing for 42 gold pieces
 26017 | Orc:2    | Bought a potion of haste for 140 gold pieces
 26017 | Orc:2    | Bought a potion of curing for 42 gold pieces
 26017 | Orc:2    | Bought a potion of might for 56 gold pieces
 26017 | Orc:2    | Bought 2 potions of flight for 84 gold pieces
 26235 | Elf:1    | Entered Level 1 of the Elven Halls
 26981 | Elf:1    | Found Ufimise's Weapon Emporium.
 27038 | Elf:1    | Identified the Handbook of Frigorific Intoxication
 27041 | Elf:1    | Got a tiger eye-encrusted scale mail
 27043 | Elf:1    | Got a crude quarterstaff
 27046 | Elf:1    | Got a transparent dagger
 27050 | Elf:1    | Identified the +6 quarterstaff of the Original Sin {vamp,
                  | Str+6} (You found it on level 1 of the Elven Halls)
 27051 | Elf:1    | Identified the +6 dagger of Defence {venom, rF+} (You found
                  | it on level 1 of the Elven Halls)
 27127 | Elf:1    | Identified the +1 scale mail of the Eagle {MR+} (You found
                  | it on level 1 of the Elven Halls)
 27590 | Elf:1    | Reached XP level 16. HP: 105/105 MP: 27/38
 28048 | Elf:2    | Noticed Donald
 28059 | Elf:2    | Killed Donald
 28378 | Elf:2    | Found Wol Ogu's Armour Shop.
 28548 | Elf:2    | Found a huge runed translucent gate.
 28548 | Elf:2    | Found a huge runed translucent gate.
 28549 | Elf:2    | Found a huge runed translucent gate.
 28553 | Elf:2    | Reached skill level 19 in Earth Magic
 28554 | Elf:2    | Found a huge runed translucent gate.
 28557 | Elf:2    | Found a huge runed translucent gate.
 28560 | Elf:2    | Noticed Agnes
 28574 | Elf:2    | Killed Agnes
 29190 | Elf:2    | Noticed a deep elf blademaster
 29218 | Elf:2    | Killed a deep elf blademaster
 29601 | Elf:3    | Entered Level 3 of the Elven Halls
 30370 | Elf:3    | Noticed an Executioner
 30544 | Elf:3    | Identified the ring "Yjek" {rElec rC+ MP+9 Str+8 Stlth-}
 30689 | Elf:3    | Noticed a deep elf blademaster
 30699 | Elf:3    | Killed a deep elf blademaster
 30699 | Elf:3    | Reached XP level 17. HP: 55/111 MP: 6/40
 30731 | Elf:3    | Noticed a deep elf blademaster
 30733 | Elf:3    | Killed a deep elf blademaster
 30821 | Elf:3    | Identified the +4 hand axe "Ezxodwom" {protect, *Drain
                  | +Rage rN+ MR+ Int+6}
 31083 | Elf:3    | Reached skill level 20 in Earth Magic
 31195 | Elf:3    | Identified the cursed +3 battleaxe of Razxo {chop, Int+2
                  | Stlth+}
 31197 | Elf:3    | Identified the +5 morningstar "Joeredun" {flame, MR++ Int-2
                  | Dex+4 SInv}
 31208 | Elf:3    | Identified the +7 chain mail "Mairoul" {rElec rC++}
 31379 | Elf:3    | Reached skill level 15 in Dodging
 31522 | Elf:3    | Got a jewelled falchion
 31524 | Elf:3    | Got a twisted rapier
 31545 | Elf:3    | Learned a level 9 spell: Shatter
 31562 | Elf:3    | Got a steaming robe
 31574 | Elf:3    | Identified the +0 robe of the Shrike {Regen+ Str-5 Int+2}
                  | (You found it on level 3 of the Elven Halls)
 31712 | Elf:3    | Identified a +0 pair of boots of running (You found it on
                  | level 3 of the Elven Halls)
 32012 | Spider:1 | Entered Level 1 of the Spider Nest
 33210 | Spider:1 | Got a slimy helmet
 33216 | Spider:1 | Identified the cursed +0 helmet "Kech" {rF+ rCorr} (You
                  | found it on level 1 of the Spider Nest)
 33518 | Spider:2 | Identified the +6 falchion "Giepn" {drain, Str+4} (You
                  | found it on level 3 of the Elven Halls)
 33705 | Spider:2 | Identified the +6 rapier of Kismet {freeze, rElec Dex+5}
                  | (You found it on level 3 of the Elven Halls)
 34876 | Spider:2 | Learned a level 6 spell: Statue Form
 34883 | Spider:2 | Learned a level 6 spell: Iron Shot
 34887 | Spider:2 | Learned a level 3 spell: Regeneration
 34890 | Spider:2 | Learned a level 2 spell: Shroud of Golubria
 35399 | Spider:3 | Reached skill level 21 in Earth Magic
 36563 | Spider:4 | Entered Level 4 of the Spider Nest
 36774 | Spider:4 | Reached XP level 18. HP: 117/117 MP: 6/41
 37397 | Spider:4 | Reached skill level 22 in Earth Magic
 38404 | Spider:4 | Got a gossamer rune of Zot
 38617 | Shoals:1 | Entered Level 1 of the Shoals
 38675 | Shoals:1 | Noticed Roxanne
 38679 | Shoals:1 | Killed Roxanne
 39207 | Shoals:2 | Identified a scroll of acquirement
 39295 | Shoals:2 | Found a frozen archway.
 39304 | IceCv    | Entered an ice cave
 40149 | IceCv    | Slain by an Ice Fiend

Levels and vault maps discovered:
D:1:      dpeg_arrival_shrine, layout_basic, minivault_14
D:2:      layout_basic, amethyst_killhole, uniq_sigmund
D:3:      layout_rooms, chequers_temple_overflow_minitemple,
          lemuel_coloured_pillars_altar, nicolae_overflow_crystal_walls
D:4:      layout_basic, zin_statuary, kennysheep_dice
D:5:      layout_loops_ring, basic_altar, first_ration, grunt_ministairs_15,
          serial_park_tiny_1
D:6:      layout_layer_cave, minmay_temple_entry_large_hall, uniq_menkaure,
          uniq_edmund, uniq_eustachio, uniq_crazy_yiuf_cottage
D:7:      layout_loops_cross, nicolae_overflow_hidden_temple
D:8:      layout_cave_pools, overflow_temple_1_default, minmay_lair_entry_grove,
          serial_shops, shop, grunt_ogre_cave, grunt_ministairs_6
D:9:      minmay_the_grid_octo_tiled_octocenter [minmay_the_grid_octo_chip,
          minmay_the_grid_octo_tetromino_candy, minmay_the_grid_octo_concentric,
          minmay_the_grid_octo_checkerflower,
          minmay_the_grid_octo_prize_square_snowflake,
          minmay_the_grid_square_5x5_six,
          minmay_the_grid_square_5x5_three_small,
          minmay_the_grid_square_5x5_two_walls_a,
          minmay_the_grid_square_5x5_sharp_hourglass], layout_basic,
          serial_shops, shop, nicolae_shop_overgrown_old_shop,
          nicolae_shop_behind_doors, uniq_gastronok
D:10:     layout_loops_ring, serial_shops, shop_statue,
          minmay_misc_feat_enclosed
D:11:     layout_roguey
D:12:     minmay_nested_s, layout_gridville, gammafunk_ghost_stat_death,
          kennysheep_generic_room_8, uniq_josephine, uniq_urug
D:13:     layout_small_grid, grunt_vaults_entry_fortified, tgw_lugonu_bribe
D:14:     layout_basic, infiniplex_staircase_hallway_doors
D:15:     gammafunk_enter_depths_forms, layout_loops_corners,
          minmay_misc_feat_cross, maelrawn_ghost_gauntlet_escape,
          minivault_25_ag, hive_lemuel
Lair:1:   statuecave_lemuel, layout_small_grid,
          gammafunk_ghost_berserking_beasts
Lair:2:   layout_cave_pods
Lair:3:   layout_roguey, minmay_shoals_entry_beasts, cheibrodos_lair_lostbears,
          serial_bayou_shore_b
Lair:4:   layout_roguey, nicolae_spider_entry_orb_guardian
Lair:5:   layout_cave_shapes, st_stairs_6
Lair:6:   minmay_lair_end_frog_pond, layout_regular_city,
          minmay_slime_entry_pillars, grunt_forest_large_clearing_hut,
          serial_bayou_shore_b
Shoals:1: layout_shoals, uniq_roxanne
Shoals:2: layout_shoals, portal_ice_cave_entry_dragon
Spider:1: layout_chambers
Spider:2: layout_chambers, einodemon_crawler_minivault
Spider:3: layout_chambers
Spider:4: spider_rune_water
Orc:1:    cheibrodos_orc_bank, layout_caves
Orc:2:    st_orc_pillars, layout_caves
Elf:1:    minmay_elf_arrival_summoners, layout_gridlike, serial_shops,
          nicolae_shop_competitors_out_of_business, hangedman_corner_corridor,
          lemuel_flamethrower_hall
Elf:2:    layout_gridlike, serial_shops, nicolae_shop_window_shopping,
          minivault_19, sword_in_stone, uniq_agnes
Elf:3:    minmay_elf_hall_dome, layout_geoelf_castle, statue_in_the_mist_lemuel
IceCv:    ice_cave_caverns_01

Skill      XL: |  1  2  3  4  5  6  7  8  9 10 11 12 13 14 15 16 17 18 |
---------------+-------------------------------------------------------+-----
Dodging        | 2 3 4 5 7 8 9 10 11 12 13 14 15 | 15.0
Earth Magic    | 3 4 5 7 8 10 11 13 14 15 17 18 19 21 22 | 22.5
Spellcasting   | 2 3 4 5 6 7 8 9 11 12 13 14 | 14.4
Stealth        | |  1.7
Transmutations | |  0.8

Action                   |  1- 3 |  4- 6 |  7- 9 | 10-12 | 13-15 | 16-18 || total
-------------------------+-------+-------+-------+-------+-------+-------++-------
Melee: Unarmed           |    52 |       |       |       |       |       ||    52
       Short sword       |    20 |    50 |       |       |       |       ||    70
       Quarterstaff      |       |    43 |   132 |   219 |   209 |       ||   603
       Flail             |       |       |       |   124 |       |       ||   124
       Dagger            |       |       |       |    13 |       |       ||    13
       Staff             |       |       |       |       |   139 |     1 ||   140
       Hand axe          |       |       |       |       |       |   127 ||   127
Throw: Stone             |       |       |       |       |     3 |       ||     3
 Cast: Sandblast         |    35 |    38 |    64 |   151 |   357 |   193 ||   838
       Stone Arrow       |       |    11 |    68 |    69 |   270 |    69 ||   487
       Lee's Rapid Decon |       |       |    38 |   100 |   277 |   385 ||   800
       Petrify           |       |       |       |     3 |     3 |    11 ||    17
       Shatter           |       |       |       |       |       |    51 ||    51
       Statue Form       |       |       |       |       |       |    14 ||    14
       Shroud of Golubri |       |       |       |       |       |     7 ||     7
       Iron Shot         |       |       |       |       |       |     3 ||     3
       Regeneration      |       |       |       |       |       |     1 ||     1
 Abil: Evoke Berserk Rag |       |       |       |       |       |     1 ||     1
Evoke: Wand              |       |       |       |     1 |    26 |     4 ||    31
       Lightning rod     |       |       |       |     4 |    10 |     2 ||    16
       Box of beasts     |       |       |       |       |     1 |     8 ||     9
       Sack of spiders   |       |       |       |       |       |     2 ||     2
       Lamp of fire      |       |       |       |       |       |     2 ||     2
  Use: Scroll            |       |     1 |     7 |    20 |    22 |    22 ||    72
       Potion            |       |     1 |     1 |     6 |     4 |    26 ||    38
 Stab: Sleeping          |     4 |     3 |     6 |     4 |       |       ||    17
       Petrified         |       |       |       |       |     9 |       ||     9
       Petrifying        |       |       |       |       |     1 |       ||     1
       Distracted        |       |       |       |       |     1 |       ||     1
       Confused          |       |       |       |       |       |     2 ||     2
  Eat: Chunk             |     2 |     9 |    23 |    20 |    45 |    22 ||   121
       Ration            |       |       |     2 |     4 |     5 |    15 ||    26
Armor: Robe              |    13 |    16 |    18 |    38 |       |       ||    85
       Ring mail         |       |       |       |   164 |       |       ||   164
       Troll leather arm |       |       |       |    70 |   193 |   172 ||   435
       Skin              |       |       |       |       |       |   439 ||   439
Dodge: Dodged            |    60 |   104 |   185 |   642 |  1287 |  1010 ||  3288

Table legend:
 A = Non-vault XP
 B = Vault XP
 C = Vault XP percentage of total XP
 D = Non-vault monster count
 E = Vault monster count
 F = Vault count percentage of total count
                 A         B        C        D         E       F
            +---------+---------+-------+---------+---------+-------
      Total |  211904 |  194011 |  47.8 |     865 |     474 |  35.4
            +---------+---------+-------+---------+---------+-------
        D:1 |      38 |       0 |   0.0 |      25 |       0 |   0.0
        D:2 |     171 |     231 |  57.5 |      18 |       1 |   5.3
        D:3 |     168 |       0 |   0.0 |      33 |       0 |   0.0
        D:4 |     685 |      79 |  10.3 |      29 |       2 |   6.5
        D:5 |    1094 |      38 |   3.4 |      18 |       2 |  10.0
        D:6 |     715 |     571 |  44.4 |      23 |       4 |  14.8
        D:7 |    1320 |       0 |   0.0 |      37 |       0 |   0.0
        D:8 |     786 |    2118 |  72.9 |       9 |      17 |  65.4
        D:9 |    2074 |    6127 |  74.7 |      20 |      24 |  54.5
       D:10 |    1905 |       0 |   0.0 |      21 |       0 |   0.0
       D:11 |    3083 |       0 |   0.0 |      22 |       0 |   0.0
       D:12 |    6579 |   26364 |  80.0 |      50 |      71 |  58.7
       D:13 |    8226 |    7102 |  46.3 |      32 |      10 |  23.8
       D:14 |    9744 |       0 |   0.0 |      41 |       0 |   0.0
       D:15 |   11733 |    7691 |  39.6 |      32 |      19 |  37.3
     Lair:1 |    3055 |    2701 |  46.9 |      14 |       8 |  36.4
     Lair:2 |    6044 |       0 |   0.0 |      26 |       0 |   0.0
     Lair:3 |    3014 |    1952 |  39.3 |      19 |       6 |  24.0
     Lair:4 |    3011 |     586 |  16.3 |      15 |       1 |   6.2
     Lair:5 |    3455 |       0 |   0.0 |      18 |       0 |   0.0
     Lair:6 |    9352 |   13547 |  59.2 |      27 |      55 |  67.1
   Shoals:1 |    6466 |    2066 |  24.2 |      14 |       1 |   6.7
   Shoals:2 |    7237 |     825 |  10.2 |      18 |       1 |   5.3
   Spider:1 |    9964 |       0 |   0.0 |      23 |       0 |   0.0
   Spider:2 |   11314 |    1562 |  12.1 |      24 |       6 |  20.0
   Spider:3 |   22706 |       0 |   0.0 |      47 |       0 |   0.0
   Spider:4 |   23570 |   23755 |  50.2 |      59 |      41 |  41.0
      Orc:1 |    3788 |     923 |  19.6 |      47 |      16 |  25.4
      Orc:2 |    2373 |   10974 |  82.2 |      22 |      61 |  73.5
      Elf:1 |   14911 |    7016 |  32.0 |      26 |      11 |  29.7
      Elf:2 |   11712 |   32263 |  73.4 |      25 |      35 |  58.3
      Elf:3 |   21611 |   37905 |  63.7 |      31 |      25 |  44.6
      IceCv |       0 |    7615 | 100.0 |       0 |      57 | 100.0
            +---------+---------+-------+---------+---------+-------
